 Dungeon Crawl Stone Soup version 0.18.1-50-g88ac8fd (console) character file.

51445 CALLOUS the Spry (level 14, -4/129 HPs)
             Began as a Yellow Draconian Earth Elementalist on Sept 9, 2017.
             Was the Champion of Pakellas.
             Killed from afar by Josephine (36 damage)
             ... with a ghostly fireball
             ... on level 11 of the Dungeon on May 12, 2018.
             The game lasted 19:12:06 (51968 turns).

CALLOUS the Spry (DrEE)                            Turns: 51968, Time: 19:12:07

Health: -4/129     AC: 13    Str: 13    XL:     14   Next: 23%
Magic:  11/21      EV: 20    Int: 19    God:    Pakellas [******]
Gold:   769        SH:  0    Dex: 11    Spells: 7 memorised, 4 levels left

rFire  . . .     SeeInvis .     U - staff of earth (curse)
rCold  . . .     Gourm    +     (armour unavailable)
rNeg   . . .     Faith    .     (no shield)
rPois  .         Spirit   .     (helmet restricted)
rElec  .         Dismiss  .     L - +2 cloak
rCorr  +         Reflect  .     X - +0 pair of gloves
SustAt .         Harm     .     M - +0 pair of boots
MR     +....                    A - amulet of the gourmand
Stlth  +++.......               (no ring)
                                (no ring)

@: short of breath, repel missiles, somewhat resistant to hostile enchantments,
fairly stealthy
A: spit acid, acid resistance, unfitting armour, acidic bite, cold-blooded, AC
+8
a: Spit Acid, Quick Charge, Device Surge, Supercharge, Renounce Religion


You were on level 11 of the Dungeon.
You worshipped Pakellas.
Pakellas was exalted by your worship.
You were full.

You visited 4 branches of the dungeon, and saw 23 of its levels.

You collected 1313 gold pieces.
You spent 544 gold pieces at shops.

Inventory:

Missiles
 w - 354 stones (quivered)
Armour
 a - a +0 pair of boots
 d - a +0 pair of boots
 v - a +0 buckler
 L - a +2 cloak (worn)
 M - a +0 pair of boots (worn)
 X - a +0 pair of gloves (worn)
Magical Staves
 U - a cursed staff of earth (weapon)
Jewellery
 c - a +3 ring of intelligence {unknown}
 k - a cursed ring of wizardry {unknown}
 s - an uncursed ring of positive energy {unknown}
 A - an amulet of the gourmand (around neck)
 F - a +2 ring of evasion {unknown}
 H - a +2 ring of slaying {unknown}
 K - an uncursed ring of resist corrosion {unknown}
 O - an uncursed ring of protection from cold {unknown}
 R - an uncursed ring of stealth {unknown}
Wands
 l - a wand of confusion (28/48)
 n - a wand of polymorph (15/24)
 p - a wand of lightning (12/15)
 r - a wand of acid (8/15)
 t - a wand of flame (20/48)
 z - a wand of slowing (7/48)
 B - a wand of iceblast (4/15)
 J - a wand of paralysis (11/24)
 N - a wand of heal wounds (6/9)
 T - a wand of enslavement (21/24)
Scrolls
 e - 12 scrolls of identify
 f - 4 scrolls of enchant weapon {unknown}
 g - 2 scrolls of blinking {unknown}
 h - 3 scrolls of amnesia {unknown}
 i - 2 scrolls of recharging {unknown}
 m - 6 scrolls of enchant armour {unknown}
 o - 5 scrolls of remove curse {unknown}
 q - a scroll of fog {unknown}
 C - 5 scrolls of noise {unknown}
 D - 2 scrolls of random uselessness {unknown}
 P - 3 scrolls of acquirement {unknown}
 Q - 3 scrolls of teleportation {unknown}
 V - 3 scrolls of magic mapping {unknown}
 Y - a scroll of vulnerability {unknown}
 Z - a scroll of brand weapon {unknown}
Potions
 j - a potion of resistance
 u - a potion of might
 y - a potion of haste
 E - 3 potions of lignification
 I - a potion of agility
 W - 3 potions of curing
Miscellaneous
 x - a stone of tremors (inert)
Comestibles
 G - 6 fruits
 S - 6 meat rations


   Skills:
 * Level 13.4 Fighting
 + Level 16.1 Dodging
 + Level 6.5 Stealth
 - Level 2.0 Spellcasting
 - Level 1.0 Transmutations
 - Level 3.0 Earth Magic
 * Level 10.2 Evocations


You had 4 spell levels left.
You knew the following spells:

 Your Spells              Type           Power        Failure   Level  Hunger
a - Sandblast             Erth           ###...       6%          1    #......
b - Stone Arrow           Conj/Erth      ##....       28%         3    ###....
c - Passwall              Trmt/Erth      ##........   12%         2    ###....
d - Corpse Rot            Necr           N/A          24%         2    ###....
e - Repel Missiles        Chrm/Air       #.....       24%         2    ###....
f - Blink                 Tloc           N/A          24%         2    ###....
g - Animate Skeleton      Necr           N/A          17%         1    #......


Dungeon Overview and Level Annotations

Branches:
Dungeon (13/15)            Temple (1/1) D:6            Lair (8/8) D:9
  Swamp (0/4) Lair:3        Snake (0/4) Lair:6        Slime (0/6) Lair:6
    Orc (1/2) D:10         Vaults (0/5) D:13

Altars:
Ashenzari
Cheibriados
Dithmenos
Elyvilon
Fedhas
Gozag
Kikubaaqudgha
Makhleb
Nemelex Xobeh
Okawaru
Pakellas
Qazlal
Ru
Sif Muna
Trog
Vehumet
Xom
Yredelemnul
Zin
The Shining One

Shops:
D:6 }(   D:7 *   D:12 *   Orc:1 [(

Annotations:
D:1 1 exclusion
D:3 2 exclusions
D:5 2 exclusions
D:7 1 exclusion
D:8 exclusion: sky beast
D:9 1 exclusion
D:11 Josephine
D:12 Snorg
D:13 Donald
Lair:1 exclusions: black mamba and spiny frog
Lair:2 exclusions: black mamba, hydra and spiny frog
Lair:3 exclusions: basilisk, giant frog and spiny frog
Lair:4 2 exclusions
Lair:5 exclusions: hydra and oklob plant
Lair:6 exclusions: hydra and 1 more exclusion
Lair:7 exclusions: basilisk, 2 hydras and water moccasin
Lair:8 rEDgreatsworofprot, Rupert
Orc:1 exclusion: troll


Innate Abilities, Weirdness & Mutations

You can spit globs of acid.
You are resistant to acid.
Your golden yellow scales are hard (AC +8).
Your body does not fit into most forms of armour.
You have acidic saliva.
You are cold-blooded and may be slowed by cold attacks.


Message History

Unknown command.
Unknown command.
You have got your breath back.
Josephine casts a spell at you.
The ghostly flame explodes!
The ghostly fireball engulfs you!
* * * LOW HITPOINT WARNING * * *
Press: ? - help, Shift-Dir - straight line, f/p - Josephine
Aim: Josephine, wielding a dagger, wearing a glowing robe and wearing a buckler (severely wounded)
You spit a glob of acid.
The acid hits Josephine.
The acid corrodes Josephine!
Josephine is almost dead.
Throwing (i - inventory):
w - 355 stones (quivered)
Press: ? - help, Shift-Dir - straight line, f/p - Josephine
Aim: Josephine, wielding a dagger, wearing a glowing robe and wearing a buckler (almost dead, covered in acid)
You throw a stone. The stone barely misses Josephine.
The stone hits the wraith but does no damage.
The wraith is lightly damaged.
Josephine casts a spell at you.
The ghostly flame explodes!
The ghostly fireball engulfs you!
You die...
Pakellas says: That's one more possible approach eliminated.

.#..#............#
#####..@.........#
.#..#...........<#
.#........######>#
###....#..# #.#
......##..# #.#
.....###..# #>#
#...## #..# #.#
#(..# #).# #.#
#(((# #..# #.#
/((.# #..# #@#
....# #..# #.#
..#.# #..# #@#
....# #..# #W#
W@### #..# #.# ..#
#..# #.# ..# #..#
#(#
..######..######(#
..........W@.....#
##################


You could see Josephine and a wraith.

Vanquished Creatures
  Erolcha (D:8)
  The ghost of Hawkwind the Blocker, a journeyman GrFi of Okawaru (Orc:1)
  Erica (D:10)
  4 death yaks (Lair:7)
  2 unseen horrors
  2 hill giants (D:12)
  An orc knight (D:9)
  Pikel (D:5)
  2 deep elf magi
  A cyclops (D:11)
  2 orc sorcerers
  An elephant (Lair:6)
  3 black mambas
  13 spiny frogs
  2 gargoyles
  3 rime drakes
  2 efreet
  4 komodo dragons
  3 trolls
  A two-headed ogre (D:11)
  13 blink frogs
  Prince Ribbit (D:8)
  3 giant leeches (Lair:3)
  A boulder beetle (Lair:2)
  42 yaks
  7 humans
  3 basilisks (Lair:4)
  2 wyverns
  15 hippogriffs
  Grum (D:9)
  2 hungry ghosts
  A steam dragon (Lair:5)
  2 vampire mosquitoes (Lair:8)
  A warg (D:10)
  A swamp worm (Lair:3)
  2 nagas (Lair:6)
  16 water moccasins
  9 porcupines
  14 orc warriors
  4 ice beasts
  2 black bears
  2 wasps (D:11)
  A phantom (D:7)
  A necrophage (D:11)
  8 ogres
  20 wolves
  9 centaurs
  14 crocodiles
  4 big kobolds
  The ghost of CALLOUS the Firebug, an amateur VSFE (D:4)
  29 giant frogs
  13 jellies
  A wyvern skeleton (D:7)
  4 scorpions
  10 killer bees
  9 wights
  An electric eel (Lair:4)
  7 howler monkeys
  6 crimson imps
  6 centaur zombies
  A wasp zombie (D:9)
  9 hounds
  5 centaur skeletons
  15 orc priests
  14 orc wizards
  3 giant frog skeletons
  10 iguanas
  13 worker ants
  11 sheep
  2 hound skeletons (D:10)
  3 worker ant zombies
  11 gnolls
  9 adders
  61 river rats
  3 shadow imps
  8 oozes
  An adder skeleton (D:3)
  2 worms
  3 dart slugs
  5 giant geckos
  56 orcs
  6 giant cockroaches
  7 goblins
  7 hobgoblins
  9 jackals
  7 quokkas
  A ball python (D:1)
  15 bats
  A giant gecko zombie (D:6)
  A giant newt (D:6)
  27 kobolds
  19 rats
  A fungus (Lair:5)
  A plant (Lair:7)
685 creatures vanquished.

Vanquished Creatures (collateral kills)
  A death yak (Lair:6)
  An oklob plant (Lair:7)
  An elephant (Lair:6)
  A black mamba (Lair:5)
  A spiny frog (Lair:8)
  A yak (Lair:6)
  A vampire mosquito (Lair:8)
  A porcupine (Lair:6)
  2 wolves (Lair:5)
  A jelly (Lair:6)
  2 sheep (Lair:4)
  7 river rats (Lair:5)
  An ooze (Lair:6)
  An orc (D:10)
22 creatures vanquished.

Vanquished Creatures (others)
  3 spiny frogs
  A sky beast (D:11)
  A wyvern zombie (D:9)
  A quokka zombie (D:5)
  A bush (Lair:7)
  83 fungi
  48 plants
138 creatures vanquished.

Grand Total: 845 creatures vanquished

Notes
Turn   | Place    | Note
--------------------------------------------------------------
     0 | D:1      | CALLOUS the Draconian Earth Elementalist began the quest for the Orb.
     0 | D:1      | Reached XP level 1. HP: 14/14 MP: 3/3
     5 | D:1      | Reached skill level 2 in Dodging
   493 | D:1      | Reached skill level 1 in Fighting
   493 | D:1      | Reached XP level 2. HP: 23/23 MP: 3/5
  1781 | D:2      | Reached XP level 3. HP: 28/28 MP: 3/6
  1949 | D:2      | Learned a level 3 spell: Stone Arrow
  2683 | D:3      | Reached XP level 4. HP: 29/36 MP: 1/7
  3348 | D:4      | Reached skill level 3 in Dodging
  3524 | D:4      | Noticed CALLOUS's ghost (amateur VSFE)
  3539 | D:5      | Entered Level 5 of the Dungeon
  3732 | D:5      | Reached XP level 5. HP: 42/42 MP: 4/8
  4175 | D:5      | Noticed an ogre
  4646 | D:2      | Reached XP level 6. HP: 51/51 MP: 5/9
  5227 | D:2      | Reached skill level 4 in Dodging
  5467 | D:4      | Killed CALLOUS's ghost
  6366 | D:6      | Your scales start taking on a golden yellow colour.
  6366 | D:6      | Reached XP level 7. HP: 40/59 MP: 4/10
  6551 | D:6      | Found Runoox's Gadget Shoppe.
  6675 | D:6      | Reached skill level 5 in Dodging
  6858 | D:6      | Reached skill level 1 in Evocations
  6935 | D:6      | Noticed a human
  6941 | D:6      | Noticed a human
  7378 | D:5      | Found a bloodstained altar of Trog.
  7523 | D:5      | Noticed Pikel
  7904 | D:5      | Reached skill level 5 in Fighting
  7904 | D:5      | Reached XP level 8. HP: 65/68 MP: 4/11
  8207 | D:5      | Reached skill level 6 in Dodging
  8474 | D:6      | Found Faxevupn's Antique Weapon Shop.
  8491 | D:6      | Found a staircase to the Ecumenical Temple.
  8658 | Temple   | Entered the Ecumenical Temple
  8776 | D:6      | Reached skill level 7 in Dodging
  9625 | D:7      | Reached XP level 9. HP: 75/75 MP: 8/12
  9661 | D:6      | Reached skill level 8 in Dodging
 10063 | D:7      | Found an opulent altar of Gozag.
 10238 | D:7      | Found Gozag's Platinum Reserve.
 10273 | D:7      | Found a sacrificial altar of Ru.
 10274 | D:7      | Found a basalt altar of Yredelemnul.
 10278 | D:7      | Became a worshipper of Ru the Awakened
 10432 | D:7      | Found a shadowy altar of Dithmenos.
 10673 | D:8      | Reached skill level 5 in Stealth
 11071 | D:8      | Noticed Prince Ribbit
 11079 | D:8      | Killed Prince Ribbit
 11430 | D:10     | Entered Level 10 of the Dungeon
 11493 | D:10     | Reached skill level 9 in Dodging
 11789 | D:11     | Noticed a cyclops
 12132 | D:9      | Found a sparkling altar of Nemelex Xobeh.
 12151 | D:9      | Found a shimmering altar of Xom.
 12442 | D:9      | Noticed an efreet
 12693 | D:8      | Learned a level 2 spell: Passwall
 13298 | D:8      | Noticed Erolcha
 13448 | D:7      | Fell from the grace of Ru
 13449 | D:7      | Became a worshipper of Ru the Awakened
 13804 | D:4      | Found a snail-covered altar of Cheibriados.
 13873 | D:4      | Learned a level 2 spell: Corpse Rot
 14202 | D:4      | Reached XP level 10. HP: 88/88 MP: 13/13
 14682 | D:5      | Killed Pikel
 14682 | D:5      | Reached skill level 10 in Dodging
 15800 | D:7      | Found a white marble altar of Elyvilon.
 16244 | D:10     | Found a staircase to the Orcish Mines.
 16306 | D:10     | Reached skill level 5 in Evocations
 16685 | D:10     | Noticed Erica
 16961 | D:8      | Killed Erolcha
 16961 | D:8      | Reached skill level 11 in Dodging
 17093 | D:9      | Found a burning altar of Makhleb.
 17094 | D:9      | Found a radiant altar of Vehumet.
 18015 | D:9      | Reached XP level 11. HP: 97/97 MP: 7/15
 18554 | D:9      | Found an oddly glowing altar of Pakellas.
 18566 | D:9      | Fell from the grace of Ru
 18566 | D:9      | Became a worshipper of Pakellas the Inventive
 18682 | D:6      | Bought a wand of heal wounds (3/9) for 462 gold pieces
 18888 | D:9      | Noticed Grum
 18945 | D:9      | Killed Grum
 18984 | D:9      | HP: 4/97 [orc priest/divine providence (12)]
 19301 | D:9      | Found a staircase to the Lair.
 19404 | D:9      | Reached * piety under Pakellas
 19404 | D:9      | Received a gift from Pakellas
 19659 | Lair:1   | Entered Level 1 of the Lair of Beasts
 19672 | Lair:1   | Learned a level 2 spell: Repel Missiles
 19726 | D:9      | Learned a level 2 spell: Blink
 21439 | Lair:2   | Reached ** piety under Pakellas
 21439 | Lair:2   | Received a gift from Pakellas
 22167 | Lair:3   | Got an ivory shortbow
 23047 | Lair:4   | Reached skill level 12 in Dodging
 23532 | Lair:4   | Noticed a six-headed hydra
 24125 | Lair:1   | Reached skill level 10 in Fighting
 26953 | Lair:3   | Reached XP level 12. HP: 105/108 MP: 6/17
 27032 | Lair:3   | Found a staircase to the Swamp.
 27146 | Lair:4   | Reached *** piety under Pakellas
 27146 | Lair:4   | Received a gift from Pakellas
 28306 | Lair:5   | Learned a level 1 spell: Animate Skeleton
 28435 | Lair:5   | Reached skill level 13 in Dodging
 29670 | Lair:5   | Reached **** piety under Pakellas
 29670 | Lair:5   | Received a gift from Pakellas
 30454 | Lair:5   | Noticed a four-headed hydra
 32786 | Lair:6   | Reached skill level 14 in Dodging
 32790 | Lair:6   | Noticed a death yak
 32791 | Lair:6   | Noticed a death yak
 32816 | Lair:6   | Killed a death yak
 33082 | Lair:6   | Found a staircase to the Snake Pit.
 33524 | Lair:7   | Reached XP level 13. HP: 66/118 MP: 6/19
 34568 | Lair:8   | Entered Level 8 of the Lair of Beasts
 34657 | Lair:7   | HP: 4/119 [death yak (19)]
 35138 | Lair:8   | Reached ***** piety under Pakellas
 35138 | Lair:8   | Received a gift from Pakellas
 36583 | Lair:6   | Found a staircase to the Slime Pits.
 38304 | D:11     | Noticed Josephine
 38593 | D:11     | Reached skill level 15 in Dodging
 40247 | D:12     | Found Feinkesa's General Store.
 40247 | D:12     | Noticed Snorg
 41363 | D:13     | Found a gate to the Vaults.
 41368 | D:13     | Noticed Donald
 41820 | D:12     | Bought a scroll of immolation for 52 gold pieces
 41820 | D:12     | Bought a scroll of identify for 30 gold pieces
 42183 | Orc:1    | Entered Level 1 of the Orcish Mines
 42467 | Orc:1    | Found Teinkim's Antique Armour Boutique.
 42545 | Orc:1    | Noticed Hawkwind's ghost (journeyman GrFi)
 42651 | D:10     | Killed Erica
 45407 | Orc:1    | HP: 6/122 [Hawkwind's ghost (2)]
 45437 | Orc:1    | Killed Hawkwind's ghost
 45437 | Orc:1    | Reached skill level 10 in Evocations
 45792 | Orc:1    | Found Xycu's Weapon Shoppe.
 45877 | Orc:1    | Paralysed by an orc sorcerer for 6 turns
 45912 | Orc:1    | Gained mutation: You have acidic saliva. [Yellow Draconian growth]
 45912 | Orc:1    | Reached XP level 14. HP: 34/129 MP: 12/21
 46149 | D:10     | Noticed a stone giant
 47094 | Orc:1    | Noticed a stone giant
 48167 | Lair:5   | HP: 2/129 [acid (6)]
 49817 | Lair:5   | Reached ****** piety under Pakellas
 50384 | Lair:5   | Reached skill level 16 in Dodging
 51513 | Lair:8   | Noticed Rupert
 51968 | D:11     | Killed from afar by Josephine

Skill      XL: |  1  2  3  4  5  6  7  8  9 10 11 12 13 14 |
---------------+-------------------------------------------+-----
Dodging        | 2 3 4 5 7 9 11 12 14 15 16 | 16.1
Fighting       | 1 2 3 4 5 6 7 9 10 12 13 | 13.4
Stealth        | 2 3 4 5 6 |  6.5
Evocations     | 1 3 4 5 7 8 10 | 10.2
Spellcasting   | |  2.0
Transmutations | |  1.0
Earth Magic    | |  3.0

Action                   |  1- 3 |  4- 6 |  7- 9 | 10-12 | 13-15 || total
-------------------------+-------+-------+-------+-------+-------++-------
Melee: Unarmed           |    77 |     6 |       |       |       ||    83
       Tailslap          |     7 |     7 |    16 |   114 |   145 ||   289
       Whip              |       |    72 |   106 |    51 |       ||   229
       Staff             |       |       |       |   998 |  1063 ||  2061
       Bite              |       |       |       |       |    38 ||    38
 Fire: Blowgun           |       |    16 |    60 |    14 |       ||    90
       Shortbow          |       |       |    43 |    78 |       ||   121
       Hunting sling     |       |       |    12 |       |       ||    12
Throw: Tomahawk          |       |       |       |   225 |     9 ||   234
       Stone             |       |       |       |       |   228 ||   228
 Cast: Sandblast         |    64 |   109 |   199 |   102 |       ||   474
       Corpse Rot        |       |       |       |     5 |     2 ||     7
       Repel Missiles    |       |       |       |     2 |     4 ||     6
       Animate Skeleton  |       |       |       |    17 |     3 ||    20
Invok: Renounce Religion |       |       |     1 |       |       ||     1
       Quick Charge      |       |       |       |     8 |    10 ||    18
       Device Surge      |       |       |       |     1 |       ||     1
 Abil: Spit Acid         |       |       |    74 |   410 |   429 ||   913
Evoke: Wand              |       |       |       |    30 |    28 ||    58
       Stone of tremors  |       |       |       |     1 |     1 ||     2
  Use: Potion            |     5 |     5 |     2 |     6 |     5 ||    23
 Stab: Sleeping          |     5 |     4 |       |     4 |     2 ||    15
       Distracted        |       |       |     1 |     1 |     4 ||     6
       Confused          |       |       |       |     1 |     1 ||     2
  Eat: Chunk             |     6 |     9 |    33 |   134 |   133 ||   315
       Meat ration       |       |     1 |     1 |       |     1 ||     3
       Fruit             |       |     1 |       |     1 |       ||     2
       Royal jelly       |       |       |     1 |     8 |       ||     9
       Beef jerky        |       |       |       |     1 |     1 ||     2
Armor: Skin              |    35 |    27 |   117 |   408 |   368 ||   955
Dodge: Dodged            |    73 |    95 |   308 |  1374 |  1036 ||  2886
       Deflected         |       |       |       |     2 |     7 ||     9
